 Dungeon Crawl Stone Soup version 0.28-a0-1344-g6b9ff3a05d (webtiles) character file.

Game seed: 2503047606008106162

39 Deminshera the Skirmisher (level 3, -4/29 HPs)
             Began as a Demonspawn Abyssal Knight on Dec 29, 2021.
             Was a Follower of Lugonu.
             Slain by a kobold (5 damage)
             ... on level 1 of the Dungeon.
             The game lasted 00:02:04 (2036 turns).

Deminshera the Skirmisher (DsAK)                    Turns: 2036, Time: 00:02:04

Health: -4/29      AC:  3    Str: 15    XL:     3   Next: 28%
Magic:  4/4        EV: 11    Int: 11    God:    Lugonu [*.....]
Gold:   76         SH:  0    Dex: 13    Spells: 2/2 levels left

rFire   . . .      SeeInvis .     - Unarmed
rCold   . . .      Faith    .   (no shield)
rNeg    . . .      Spirit   .   a - +0 leather armour
rPois   .          Reflect  .   (no helmet)
rElec   .          Harm     .   (no cloak)
rCorr   .          Rampage  .   (no gloves)
Will    .....                   (no boots)
Stlth   ++........              (no amulet)
HPRegen 0.09/turn               (no ring)
MPRegen 0.09/turn               (no ring)

@: no status effects
A: spiny 1
a: Renounce Religion, Depart the Abyss


You were on level 1 of the Dungeon.
You worshipped Lugonu.
Lugonu was aware of your devotion.
You visited 1 branch of the dungeon, and saw 2 of its levels.
You visited the Abyss 1 time.

You collected 76 gold pieces.

Inventory:

Missiles
 j - 15 poisoned darts
Armour
 a - a +0 leather armour (worn)
Scrolls
 d - a scroll of amnesia {unknown}
 e - a scroll of teleportation {unknown}
 f - a scroll of identify {unknown}
 g - a scroll of torment {unknown}
 i - a scroll of magic mapping {unknown}
Potions
 b - a potion of might {unknown}
 c - a potion of curing {unknown}
 h - a potion of berserk rage {unknown}


   Skills:
 - Level 3.0 Fighting
 + Level 0.1 Throwing
 - Level 1.7 Armour
 - Level 0.8 Dodging
 - Level 3.0 Stealth
 - Level 1.7 Unarmed Combat
 - Level 2.4 Invocations


You had 2 spell levels left.
You didn't know any spells.
Your spell library was empty.

Dungeon Overview and Level Annotations

Branches:
Dungeon (2/15)

Altars:


Innate Abilities, Weirdness & Mutations

You are partially covered in sharp spines.


Message History

You feel stronger. x2
You hit the jackal.
You kill the jackal!
Lugonu accepts your kill. The kobold hits you but does no damage.
You closely miss the kobold.
The kobold is moderately wounded.
The kobold hits you with a +0 short sword.
A kobold comes into view. It is wielding a +0 short sword.
The adder bites you.
You are too injured to fight recklessly!
You are too injured to fight recklessly!
The adder is struck by your spines. The adder bites you but does no damage.
An endoplasm comes into view.
The adder bites you. The adder is struck by your spines. The adder bites you.
There is a stone staircase leading up here.
The adder is struck by your spines. The adder bites you.
* * * LOW HITPOINT WARNING * * *
The kobold is struck by your spines. The kobold barely misses you.
You climb upwards.
There is a stone staircase leading down here.
The adder bites you but does no damage. The adder is struck by your spines.
You kill the adder!
Lugonu accepts your kill.
Training target 3.0 for Stealth reached!
Your Stealth skill increases to level 3!
You need to enable at least one skill for training.
There is an open door here.
You closely miss the kobold.
The kobold is severely wounded.
The kobold hits you with a +0 short sword.
* * * LOW HITPOINT WARNING * * *
You closely miss the kobold.
The kobold is heavily wounded.
The kobold hits you with a +0 short sword.
* * * LOW HITPOINT WARNING * * *
You completely miss the kobold.
The kobold is heavily wounded.
The kobold hits you with a +0 short sword.
You die...

#### ######### #... #.......#
#... #.......##############...
#.......@K...............
#.......#†###############
####.#######.########
#...................# ###
######.....######.######.# #..
...........##.....# #.# #..
.############.###.######.######..
.# ######+###..(..........'.. .#
#.........#######.######..


You could see a kobold.

Vanquished Creatures
  An adder (D:1)
  A ball python (D:2)
  4 bats
  2 endoplasms (D:1)
  2 giant cockroaches
  3 goblins
  A hobgoblin (D:2)
  2 jackals (D:2)
  3 quokkas (D:1)
  A frilled lizard (D:2)
  6 kobolds
  3 rats
29 creatures vanquished.

Notes
Turn   | Place    | Note
-------+----------+-------------------------------------------
     0 | Abyss:1  | Deminshera the Demonspawn Abyssal Knight began the quest
                  | for the Orb.
     0 | Abyss:1  | Reached XP level 1. HP: 18/18 MP: 2/2
    91 | Abyss:1  | Noticed a thrashing horror
    92 | Abyss:1  | Noticed a bone dragon
    93 | D:1      | Escaped the Abyss
   272 | D:1      | Reached skill level 1 in Stealth
   459 | D:1      | Gained mutation: You are partially covered in sharp spines.
                  | [demonic ancestry]
   459 | D:1      | Reached XP level 2. HP: 1/24 MP: 3/3
   462 | D:1      | HP: 1/24 [rat (1)]
  1065 | D:1      | Reached * piety under Lugonu
  1115 | D:1      | Found a faded altar of an unknown god.
  2022 | D:2      | Reached XP level 3. HP: 16/29 MP: 4/4
  2035 | D:1      | HP: 1/29 [kobold (2)]
  2036 | D:1      | Slain by a kobold

Illustrated notes

Levels and vault maps discovered:
D:1:      dpeg_arrival_simpleton_a, layout_basic,
          hellmonk_ecumenical_altar_heavens_door, minivault_5
D:2:      layout_rooms, lemuel_another_geyser

Skill      XL: |  1  2  3 |
---------------+----------+-----
Stealth        | 1 2 3 |  3.0
Fighting       | |  3.0
Throwing       | |  0.1
Armour         | |  1.7
Dodging        | |  0.8
Unarmed Combat | |  1.7
Invocations    | |  2.4

Action                   || total
-------------------------++-------
Melee: Unarmed           ||    98
Invok: Depart the Abyss  ||     1
 Stab: Sleeping          ||     5
Armor: Leather armour    ||    33
Dodge: Dodged            ||    65

Table legend: (Time is in decaauts)
 A = Elapsed time spent in this place.
 B = Non-inter-level travel time spent in this place.
 C = Inter-level travel time spent in this place.
 D = Time resting spent in this place.
 E = Time spent auto-exploring this place.
 F = Levels seen in this place.
 G = Mean time per level.
                   A        B        C        D        E       F      G
               +--------+--------+--------+--------+--------+-----+--------+
         Total |   2033 |   1950 |     83 |    582 |   1065 |   3 |  677.7 |
       Dungeon |   1940 |   1857 |     83 |    582 |   1065 |   2 |  970.0 |
         Abyss |     93 |     93 |      0 |      0 |      0 |   1 |   93.0 |
               +--------+--------+--------+--------+--------+-----+--------+

Top non-repeatable levels by time:
     D:1: 1746 daAuts
     D:2: 194 daAuts
 Abyss:1: 93 daAuts
